 Dungeon Crawl Stone Soup version 0.24.1-8-ga250c9d538 (webtiles) character file.

Game seed: 17240196973812037958, levelgen mode: deterministic

184 Peloso the Slasher (level 5, 42/42 HPs)
             Began as a Demonspawn Fighter on May 1, 2020.
             Got out of the dungeon alive.
             The game lasted 00:04:33 (2518 turns).

Peloso the Slasher (Demonspawn Fighter)             Turns: 2518, Time: 00:04:33

Health: 42/42      AC: 14    Str: 17    XL:     5   Next: 36%
Magic:  5/5        EV:  4    Int:  9    God:
Gold:   96         SH:  9    Dex: 13    Spells: 4/4 levels left

rFire    . . .     SeeInvis .   a - +0 long sword
rCold    . . .     Gourm    .   c - +0 shield
rNeg     + . .     Faith    .   h - +0 chain mail
rPois    .         Spirit   .   (no helmet)
rElec    .         Reflect  .   (no cloak)
rCorr    .         Harm     .   (no gloves)
MR       .....                  g - +2 pair of boots
Stlth    ..........             j - amulet of the acrobat
HPRegen  0.14/turn              l - ring of positive energy
MPRegen  0.09/turn              (no ring)

@: no status effects
A: claws 1, rugged brown scales 1, deterioration 1, shaggy fur 1
a: no special abilities


You escaped.
You were hungry.

You visited 1 branch of the dungeon, and saw 3 of its levels.

You collected 96 gold pieces.

Inventory:

Hand Weapons
 a - a +0 long sword (weapon)
Armour
 b - a +0 scale mail
 c - a +0 shield (worn)
 g - a +2 pair of boots (worn)
 h - a +0 chain mail (worn)
Jewellery
 j - an amulet of the acrobat (around neck)
 l - a ring of positive energy (left claw)
Scrolls
 e - 2 scrolls of identify
 k - a scroll of magic mapping {unknown}
 m - 2 scrolls of remove curse
 n - a scroll of enchant armour {unknown}
Potions
 d - a potion of might
 o - a potion of curing
 p - a potion of cancellation {unknown}
Comestibles
 f - 7 rations


   Skills:
 + Level 3.5 Fighting
 + Level 3.8 Long Blades
 + Level 3.1 Armour
 + Level 0.3 Dodging
 + Level 3.5 Shields


You had 4 spell levels left.
You didn't know any spells.
Your spell library was empty.

Dungeon Overview and Level Annotations

Branches:
Dungeon (3/15)

Altars:
Dithmenos
Makhleb
Sif Muna


Innate Abilities, Weirdness & Mutations

You have sharp fingernails.
You are partially covered in rugged brown scales. (AC +1, +3% HP)
Your body sometimes deteriorates upon taking damage.
You are covered in fur. (AC +1)


Message History

The bat hits you but does no damage. The bat hits you but does no damage.
You slash the bat!
You kill the bat!
It was a potion of mutation.
You feel extremely strange. Fur sprouts all over your body.
You feel yourself wasting away.
You feel clumsy.
You feel agile.
There is a stone staircase leading down here.
(D) Dungeon
Where to? (Enter - D:12, ? - help)
What level of the Dungeon? (default 1, ? - help)
There is a stone staircase leading up here.
You climb upwards.
There is a stone staircase leading down here.
There is a stone staircase leading up here.
You climb upwards.
There is a stone staircase leading down here.
There is a staircase leading out of the dungeon here.
Are you sure you want to leave the Dungeon?
This will make you lose the game!
You have escaped!

....(#..###.##.......#.#.######.#
................................#
.###############.##############.#
...♣♣.......................♣♣...
.#.♣♣..8..8...........8..8..♣♣..#
...♣♣...÷...................♣♣.>.
.#♣♣♣.......................♣♣♣.#
## ♣...8..8...........8..8...♣♣.#
# ♣............@............♣♣.#
## ♣...8..8...........8..8...♣♣.#
.#♣♣♣...÷...................♣♣♣.#
...♣♣...÷...................♣ #.#
.÷.♣♣..8..8...........8..8..♣ #.#
...♣♣.......................♣ #.#
#.##############.##############..
.................................
#.#####.##.##...........###..##..


There were no monsters in sight!

Vanquished Creatures
  A crimson imp (D:3)
  An iron imp (D:2)
  6 adders
  2 worms
  3 dart slugs
  2 leopard geckos
  An orc (D:3)
  4 bats
  2 giant cockroaches (D:1)
  5 hobgoblins
  6 jackals (D:2)
  A quokka (D:1)
  2 ball pythons (D:1)
  2 frilled lizards (D:1)
  3 goblins
  7 kobolds
  11 rats
59 creatures vanquished.

Notes
Turn   | Place    | Note
-------+----------+-------------------------------------------
     0 | D:1      | Peloso the Demonspawn Fighter began the quest for the Orb.
     0 | D:1      | Reached XP level 1. HP: 18/18 MP: 1/1
   247 | D:1      | Gained mutation: You have sharp fingernails. [demonic
                  | ancestry]
   247 | D:1      | Reached XP level 2. HP: 24/24 MP: 2/2
   984 | D:1      | Reached XP level 3. HP: 27/29 MP: 3/3
  1332 | D:2      | Reached XP level 4. HP: 29/35 MP: 4/4
  1510 | D:2      | Found a shadowy altar of Dithmenos.
  1576 | D:2      | Found a burning altar of Makhleb.
  1935 | D:2      | Gained mutation: You are partially covered in rugged brown
                  | scales. (AC +1, +3% HP) [demonic ancestry]
  1935 | D:2      | Reached XP level 5. HP: 32/42 MP: 5/5
  2179 | D:2      | Found a shimmering blue altar of Sif Muna.
  2447 | D:3      | Gained mutation: You are covered in fur. (AC +1) [potion of
                  | mutation]
  2447 | D:3      | Gained mutation: Your body sometimes deteriorates upon
                  | taking damage. [potion of mutation]
  2447 | D:3      | Gained mutation: You are clumsy. (Dex -2) [potion of
                  | mutation]
  2447 | D:3      | Lost mutation: You are clumsy. (Dex -2) [potion of
                  | mutation]
  2518 | D:$      | Got out of the dungeon alive.

Levels and vault maps discovered:
D:1:      giann_forest_graveyard, layout_basic, st_stairs_7,
          minmay_split_cup_large
D:2:      layout_loops_corners, old_standard_altar, makhleb_grotto_becter,
          lemuel_blue_sif_altar, grunt_ministairs_3
D:3:      layout_basic, kiku_gazebo_garden_becter, first_ration, uniq_grinder

Skill      XL: |  1  2  3 |
---------------+----------+-----
Shields        | 3 |  3.5
Armour         | 3 |  3.1
Long Blades    | 2 3 |  3.8
Fighting       | |  3.5
Dodging        | |  0.3

Action                   |  1- 3 |  4- 6 || total
-------------------------+-------+-------++-------
Melee: Long sword        |   142 |   160 ||   302
  Use: Potion            |     3 |     1 ||     4
       Scroll            |     3 |       ||     3
  Eat: Chunk             |     1 |     4 ||     5
Armor: Scale mail        |    10 |       ||    10
       Chain mail        |    92 |   136 ||   228
Dodge: Dodged            |    58 |    53 ||   111
Block: Shield            |    71 |   104 ||   175
       Rpst.: Long sword |    17 |    24 ||    41
